 Dungeon Crawl Stone Soup version 0.20-a0-433-g9e36e56 (webtiles) character file.

765 Kriby the Skirmisher (level 7, -1/59 HPs)
             Began as a Mummy Fighter on Jan 4, 2017.
             Slain by a wraith (8 damage)
             ... in an ossuary.
             The game lasted 00:03:57 (4118 turns).

Kriby the Skirmisher (Mummy Fighter)                Turns: 4118, Time: 00:03:57

Health: -1/59      AC:  8    Str: 20    XL:     7   Next: 51%
Magic:  7/7        EV:  7    Int:  7    God:
Gold:   94         SH:  9    Dex: 13    Spells: 6/6 levels left

rFire  x . .     SeeInvis .     a - +0 war axe
rCold  + . .     Gourm    .     b - +0 scale mail
rNeg   + + +     Faith    .     c - +0 shield
rPois  ∞         Spirit   .     n - +0 helmet
rElec  .         Reflect  .     (no cloak)
rCorr  .         Harm     .     (no gloves)
MR     .....                    e - +0 pair of boots
Stlth  ..........               (no amulet)
                                (no ring)
                                (no ring)

@: slowed, very slow
A: no food or potions, fire vulnerability, cold resistance 1, negative energy
resistance 3, torment resistance, unbreathing
a: no special abilities


You were in an ossuary.
You were not hungry.

You visited 1 branch of the dungeon, and saw 4 of its levels.
You also visited: Ossuary.

You collected 94 gold pieces.

Inventory:

Hand Weapons
 a - a +0 war axe (weapon)
 q - a +0 glaive
Missiles
 j - 3 javelins of returning (quivered)
 o - 8 javelins
Armour
 b - a +0 scale mail (worn)
 c - a +0 shield (worn)
 e - a +0 pair of boots (worn)
 n - a +0 helmet (worn)
Wands
 p - a wand of random effects (14/48)
 s - a wand of polymorph (8/24)
 t - a wand of clouds (1/9)
Scrolls
 d - 2 scrolls of random uselessness {unknown}
 f - 5 scrolls of teleportation {unknown}
 g - 2 scrolls of blinking {unknown}
 h - 4 scrolls of identify {unknown}
 i - a scroll of amnesia {unknown}
 k - 6 scrolls of remove curse {unknown}
 l - 2 scrolls of fog {unknown}
 m - a scroll of recharging {unknown}
 r - a scroll of enchant armour {unknown}
Potions
 u - 2 potions of heal wounds {unknown}
 v - a potion of haste {unknown}
 w - 2 potions of curing {unknown}


   Skills:
 * Level 6.8 Fighting
 + Level 4.0 Axes
 + Level 2.7 Throwing
 - Level 2.4 Armour
 - Level 2.4 Shields


You had 6 spell levels left.
You didn't know any spells.

Dungeon Overview and Level Annotations

Branches:
Dungeon (4/15)
 Temple: D:4-7

Altars:
Fedhas
Yredelemnul


Innate Abilities, Weirdness & Mutations

You do not eat or drink.
Your flesh is vulnerable to fire.
You are immune to poison.
Your flesh is cold resistant. (rC+)
You are immune to negative energy. (rN+++)
You are immune to unholy pain and torment.
You can survive without breathing.


Message History

The wraith hits you. The wraith drains your vigour!
You feel as though you will be slow longer.
The wraith hits you but does no damage.
Your shield and scale mail prevent you from hitting the wraith.
The wraith is heavily damaged.
The wraith hits you but does no damage. You block the wraith's attack.
You closely miss the wraith.
The wraith is heavily damaged.
The wraith hits you.
* * * LOW HITPOINT WARNING * * *
You block the wraith's attack. x2
You hit the wraith but do no damage.
The wraith is heavily damaged.
The wraith hits you!
* * * LOW HITPOINT WARNING * * *
The wraith closely misses you.
You closely miss the wraith.
The wraith is heavily damaged.
The wraith hits you!
You die...

##.....# #z# #...............#
##.8.8.#####▓###.###.......###.#
.'..!....'.....'.#z#.......# #.#
##.8!8.#####▓###.###.......# #.#
##.....# #W# #...............#
######## ### #.###..###..###.#
#.#.#..#z#..# #.# #.W##..###..#
+.# #@........... ##############


You could see a wraith.

Vanquished Creatures
  Grinder (D:4)
  The ghost of Gottschkopf the Ruffian, an amateur DrTm (D:3)
  A scorpion (D:3)
  5 wights (Ossuary)
  A crimson imp (D:3)
  A hound (D:4)
  An orc priest (D:3)
  A worker ant (D:3)
  An adder (D:3)
  4 worms
  3 dart slugs
  A leopard gecko (D:2)
  3 orcs (D:3)
  8 bats
  4 giant cockroaches
  19 goblins
  8 hobgoblins
  6 jackals (D:1)
  4 kobolds
  3 quokkas
  A ball python skeleton (Ossuary)
  5 frilled lizards
  3 hobgoblin zombies (Ossuary)
  A kobold zombie (Ossuary)
  An orc skeleton (Ossuary)
  An orc zombie (Ossuary)
  9 rats
  A spectral orc (D:2)
98 creatures vanquished.

Vanquished Creatures (others)
  A fungus (D:2)
1 creature vanquished.

Grand Total: 99 creatures vanquished

Notes
Turn   | Place    | Note
-------+----------+-------------------------------------------
     0 | D:1      | Kriby the Mummy Fighter began the quest for the Orb.
     0 | D:1      | Reached XP level 1. HP: 18/18 MP: 1/1
   165 | D:1      | Reached XP level 2. HP: 16/24 MP: 2/2
   709 | D:1      | Reached XP level 3. HP: 29/29 MP: 3/3
   916 | D:2      | Found a basalt altar of Yredelemnul.
  1030 | D:2      | Found a blossoming altar of Fedhas.
  1328 | D:2      | Reached skill level 4 in Fighting
  1961 | D:3      | Reached XP level 4. HP: 37/37 MP: 4/4
  2139 | D:3      | Noticed Gottschkopf's ghost (amateur DrTm)
  2452 | D:3      | Killed Gottschkopf's ghost
  2452 | D:3      | Reached skill level 1 in Throwing
  2452 | D:3      | Reached XP level 5. HP: 26/43 MP: 5/5
  2601 | D:3      | Reached skill level 5 in Fighting
  3018 | D:3      | Reached XP level 6. HP: 46/51 MP: 6/6
  3270 | D:4      | Noticed Grinder
  3285 | D:4      | Killed Grinder
  3285 | D:4      | Reached skill level 6 in Fighting
  3285 | D:4      | Reached XP level 7. HP: 55/58 MP: 7/7
  3405 | D:4      | Found a sand-covered staircase.
  3417 | Ossuary  | Entered an ossuary
  3855 | Ossuary  | Noticed a flying skull
  3855 | Ossuary  | Noticed a wraith
  3863 | Ossuary  | Noticed a flying skull
  3864 | Ossuary  | Noticed a flying skull
  3890 | Ossuary  | Noticed a flying skull
  4095 | Ossuary  | Noticed a wraith
  4118 | Ossuary  | Slain by a wraith

Vault maps used:
D:1:      dpeg_arrival_three_same_balls, corexii_leaking_fountain
D:2:      wad_river_or_something, yredelemnul_forgotten_temple_becter,
          fedhas_altar_3
D:4:      chequers_ossuary_entry_cave, uniq_grinder
Ossuary:  ossuary_due_cavern

Skill      XL: |  1  2  3  4  5  6  7 |
---------------+----------------------+-----
Axes           | 2 3 4 |  4.0
Fighting       | 4 5 6 |  6.8
Throwing       | 1 2 |  2.7
Armour         | |  2.4
Shields        | |  2.4

Action                   |  1- 3 |  4- 6 |  7- 9 || total
-------------------------+-------+-------+-------++-------
Melee: War axe           |   152 |   102 |   125 ||   379
Throw: Javelin           |       |     3 |       ||     3
Armor: Scale mail        |    80 |    45 |    41 ||   166
Dodge: Dodged            |    47 |    50 |    29 ||   126
Block: Shield            |    86 |    50 |    57 ||   193
